 Dungeon Crawl Stone Soup version 0.31-a0-256-g80acddb972 (webtiles) character file.

Game seed: 14935931434338504105

118 qw the Shooter (level 5, -3/30 HPs)
             Began as a Gargoyle Hexslinger on July 12, 2023.
             Slain by Natasha (4 damage)
             ... on level 2 of the Dungeon.
             The game lasted 00:00:41 (768 turns).

qw the Shooter (Gargoyle Hexslinger)                 Turns: 768, Time: 00:00:42

Health: -3/30      AC: 10    Str: 12    XL:     5   Next: 2%
Magic:  6/6        EV: 10    Int: 13    God:
Gold:   80         SH:  0    Dex: 14    Spells: 5/6 levels left

rFire   . . .        Y - +1 sling
rCold   . . .        (no shield)
rNeg    + . .        d - +0 ring mail
rPois   inf          (no helmet)
rElec   +            k - +0 cloak
rCorr   .            (no gloves)
SInv    .            (no boots)
Will    .....        (no amulet)
Stlth   +            (no ring)
HPRegen 0.25/turn    (no ring)
MPRegen 0.10/turn

%: no passive effects
@: no status effects
A: sickness immunity, AC +4, negative energy resistance 1, electricity
resistance, torment resistance 1, petrification resistance
a: no special abilities


You were on level 2 of the Dungeon.
You visited 1 branch of the dungeon, and saw 2 of its levels.

You collected 80 gold pieces.


Innate Abilities, Weirdness & Mutations

You are immune to sickness and miasma.
Your stone body is resilient. (AC +4)
You are immune to poison.
You resist negative energy. (rN+)
You are resistant to electric shocks. (rElec)
You are resistant to unholy torment.
You are immune to petrification.


   Skills:
 - Level 2.0 Fighting
 + Level 4.6 Ranged Weapons
 - Level 1.0 Armour
 - Level 1.5 Dodging
 - Level 1.0 Spellcasting
 - Level 2.6 Hexes


You had 5 spell levels left.
You knew the following spells:

 Your Spells              Type           Power      Damage    Failure   Level
a - Slow                  Hex            28%        N/A       22%         1

Your spell library contained the following spells:

 Spells                   Type           Power      Damage    Failure   Level
 Inner Flame              Hex/Fire       4%         N/A       73%         3
 Portal Projectile        Hex/Tloc       8%         N/A       73%         3
 Cause Fear               Hex            3%         N/A       91%         4

Inventory:

Hand Weapons
 Y - a +1 sling (weapon)
Armour
 d - a +0 ring mail (worn)
 k - a +0 cloak (worn)
Scrolls
 a - 2 scrolls of fear {unknown}
 b - a scroll of identify
Potions
 f - a potion of magic {unknown}
 h - a potion of mutation {unknown}
 i - a potion of ambrosia {unknown}

Dungeon Overview and Level Annotations

Branches:
Dungeon (2/15)

Altars:

Annotations:
D:2 Natasha


Message History

The cerulean imp closely misses you. Natasha claws you but does no damage.
The cerulean imp barely misses you.
You shoot a sling bullet. The sling bullet hits Natasha!
You kill Natasha!
Natasha screams in fury as she dies!
The cerulean imp disappears in a puff of smoke! x2
You have reached level 5!
You start resting.
Natasha, Servant of Life and Death comes into view.
You shoot a sling bullet. The sling bullet hits Natasha!
Natasha is heavily wounded.
Natasha drinks a potion.
Natasha flickers and vanishes!
Deactivating autopickup; reactivate with Ctrl-A.
You shoot a sling bullet. You shoot a sling bullet. You shoot a sling bullet.
The sling bullet barely misses the cerulean imp.
A magic dart appears from out of thin air!
The magic dart hits you.
You shoot a sling bullet.
The sling bullet barely misses the cerulean imp.
You shoot a sling bullet.
The sling bullet completely misses the cerulean imp.
The cerulean imp closely misses you.
You shoot a sling bullet. The sling bullet hits the cerulean imp.
The cerulean imp is moderately wounded.
The cerulean imp hits you from afar with a +2 spear.
The cerulean imp hits you but does no damage.
Something claws you but does no damage.
You shoot a sling bullet.
The sling bullet barely misses the cerulean imp.
The cerulean imp hits you from afar with a +2 spear.
The cerulean imp hits you but does no damage.
Something claws you.
You shoot a sling bullet. The sling bullet hits the cerulean imp.
The cerulean imp is severely wounded.
The cerulean imp hits you from afar with a +2 spear.
The cerulean imp hits you but does no damage.
Something claws you.
You die...

# ####.###%###
#.....#...........
#.#.......##...###
#...# #........###
#%..# #.#.......##
#...#.#.#####(####
#55.#.#.>.%.......
#...#.#.####.#####
##@..#.#.# #..#
#....#.#.#####.##
#.#..#..........#
#.#..#...#####..#
#.#......# #<..#
#.##.##..# #...#
#.##.##..# #...###
#.##..#..# #.....#
#.....#### ###....


You could see 2 cerulean imps.

Vanquished Creatures
  Natasha (twice) (D:2)
  2 adders (D:2)
  2 dart slugs
  4 ball pythons
  4 bats
  4 endoplasms
  2 giant cockroaches (D:1)
  4 goblins
  7 hobgoblins (D:1)
  2 jackals (D:1)
  3 kobolds (D:1)
  A quokka (D:2)
  2 frilled lizards
  5 rats
44 creatures vanquished.

Notes
Turn   | Place    | Note
-------+----------+-------------------------------------------
     0 | D:1      | qw the Gargoyle Hexslinger began the quest for the Orb.
     0 | D:1      | Reached XP level 1. HP: 12/12 MP: 2/2
     0 | D:1      | 0 ||| qw: Version: 0.3-a-52-g30416fa
     0 | D:1      | 0 ||| qw: Game counter: 6752
     0 | D:1      | 0 ||| qw: Melee chars always use a shield: true
     0 | D:1      | 0 ||| qw: God list: Okawaru
     0 | D:1      | 0 ||| qw: Allow faded altars: false
     0 | D:1      | 0 ||| qw: Do Orc after clearing Dungeon:15 true
     0 | D:1      | 0 ||| qw: Do second Lair branch before Depths: true
     0 | D:1      | 0 ||| qw: Lair rune preference: random
     0 | D:1      | 0 ||| qw: Goals: Normal
     0 | D:1      | 0 ||| PLANNING D:1-11
    83 | D:1      | Reached XP level 2. HP: 16/16 MP: 3/3
   110 | D:1      | Reached skill level 3 in Ranged Weapons
   248 | D:1      | Reached XP level 3. HP: 19/21 MP: 4/4
   431 | D:1      | 431 ||| UPGRADING to +0 ring mail.
   441 | D:1      | 441 ||| DROPPING +0 robe.
   442 | D:1      | 442 ||| UPGRADING to +0 cloak.
   447 | D:1      | 447 ||| READING scroll labelled BAKUBL EGION.
   448 | D:1      | 448 ||| READING scroll labelled KEXTEN FERAE.
   451 | D:1      | 451 ||| READING scroll labelled BAUCZA COQYLIBIC.
   452 | D:1      | 452 ||| READING scroll labelled HYX KAEGYUL.
   453 | D:1      | 453 ||| DROPPING scroll of poison.
   499 | D:2      | Reached skill level 1 in Armour
   638 | D:2      | Reached XP level 4. HP: 26/26 MP: 5/5
   671 | D:2      | Noticed Natasha
   676 | D:2      | Killed Natasha
   677 | D:2      | Reached skill level 4 in Ranged Weapons
   709 | D:2      | Noticed Natasha
   721 | D:2      | HP: 5/26 [Natasha/magic dart (4)]
   727 | D:2      | Killed Natasha
   728 | D:2      | Reached XP level 5. HP: 5/30 MP: 6/6
   759 | D:2      | Noticed Natasha
   767 | D:2      | HP: 4/30 [cerulean imp/+2 spear[Natasha] (5)]
   768 | D:2      | HP: 1/30 [cerulean imp/+2 spear[Natasha] (3)]
   768 | D:2      | Slain by Natasha

Levels and vault maps discovered:
D:1:      minmay_arrival_stone_box, layout_rooms, minmay_unequal
D:2:      layout_basic, serial_shops, nicolae_lakefront_shop, shop, shop,
          uniq_natasha

Skill      XL: |  1  2  3  4 |
---------------+-------------+-----
Ranged Weapons | 3 4 |  4.6
Fighting       | 2 |  2.0
Armour         | 1 |  1.0
Dodging        | |  1.5
Spellcasting   | |  1.0
Hexes          | |  2.6

Action                     |  1- 3 |  4- 6 || total
---------------------------+-------+-------++-------
   Fire: Sling             |   150 |    56 ||   206
    Use: Scroll            |     4 |       ||     4
 Armour: Robe              |    21 |       ||    21
         Ring mail         |    30 |    27 ||    57
  Dodge: Dodged            |    68 |    19 ||    87

Table legend:
 A = Non-vault XP
 B = Vault XP
 C = Vault XP percentage of total XP
 D = Non-vault monster count
 E = Vault monster count
 F = Vault count percentage of total count
                 A         B        C        D         E       F
            +---------+---------+-------+---------+---------+-------
      Total |     128 |      41 |  24.3 |      40 |       4 |   9.1
            +---------+---------+-------+---------+---------+-------
        D:1 |      51 |       6 |  10.5 |      28 |       3 |   9.7
        D:2 |      77 |      35 |  31.2 |      12 |       1 |   7.7
            +---------+---------+-------+---------+---------+-------
